Map: 코랄의 균열

Players

펜타네스트

  • Race: Terran Terran
  • Spawn Location: 7:00

테라진

  • Race: Protoss Protoss
  • Spawn Location: 7:00

VOD

Have the link to the VOD?

Description

Time

  • Played on: Aug. 20, 2017, 1:10 a.m.
  • Length: 22:37
Show
View Real Time Build Order
Export as new Build Order

펜타네스트 Terran 

Build Orders:  

Get SALT Encoding   

  12  0:03  SCV  
Show
View Real Time Build Order
Export as new Build Order

테라진 Protoss 

Build Orders:  

Get SALT Encoding   

  12  0:03  Probe (Chrono Boost)  
  13  0:16  Probe (Chrono Boost)  
  14  0:29  Pylon  
  14  0:30  Probe (Chrono Boost)  
  15  0:53  Probe (Chrono Boost)  
  16  1:04  Pylon  
  16  1:07  Probe (Chrono Boost)  
  17  1:21  Probe (Chrono Boost)  
  18  1:35  Probe (Chrono Boost)  
  19  1:49  Probe (Chrono Boost)  
  20  1:56  Nexus  
  20  2:02  Probe (Chrono Boost)  
  21  2:11  Assimilator  
  21  2:14  Assimilator  
  21  2:16  Probe (Chrono Boost)  
  22  2:29  Gateway  
  22  2:31  Probe (Chrono Boost)  
  23  2:45  Probe (Chrono Boost)  
  24  2:59  Probe (Chrono Boost)  
  25  3:12  Probe (Chrono Boost)  
  25  3:16  Pylon  
  26  3:26  Probe (Chrono Boost)  
  27  3:35  Cybernetics Core  
  27  3:36  Probe (Chrono Boost)  
  28  3:40  Probe (Chrono Boost)  
  29  3:50  Probe (Chrono Boost)  
  29  3:53  Assimilator  
  29  3:54  Probe (Chrono Boost)  
  31  4:01  Assimilator  
  31  4:04  Probe (Chrono Boost)  
  31  4:08  Probe (Chrono Boost)  
  33  4:22  Probe (Chrono Boost)  
  34  4:36  Probe (Chrono Boost)  
  35  4:42  Probe (Chrono Boost)  
  35  4:45  Death Council  
  35  4:46  Warp Gate  
  35  4:49  Pylon  
  36  4:50  Pylon, Probe (Chrono Boost)  
  36  4:57  Probe (Chrono Boost)  
  38  5:03  Probe (Chrono Boost)  
  39  5:11  Probe (Chrono Boost)  
  39  5:17  Probe (Chrono Boost)  
  41  5:24  Probe (Chrono Boost)  
  41  5:28  Gateway  
  42  5:30  Pylon  
  42  5:31  Probe (Chrono Boost)  
  42  5:38  Probe (Chrono Boost)  
  44  5:40  Ascendant Archives  
  44  6:00  Forge  
  44  6:06  Gateway, Probe (Chrono Boost)  
  44  6:08  Gateway  
  45  6:20  Probe (Chrono Boost)  
  45  6:21  Gateway  
  45  6:26  Gateway  
  46  6:31  Power Overwhelming (Chrono Boost)  
  46  6:32  Probe  
  47  6:40  Gateway  
  47  6:45  Probe  
  47  6:48  Gateway  
  48  6:52  Imposing Presence (Chrono Boost)  
  48  7:00  Ascendant  
  48  7:01  Ascendant  
  52  7:16  Pylon  
  52  7:34  Mind Blast (Chrono Boost)  
  52  7:35  Ascendant x2  
  56  7:50  Cloaking Module  
  56  7:57  Supplicant x2  
  56  7:58  Supplicant x2  
  56  7:59  Ascendant  
  66  8:00  Ascendant  
  66  8:04  Supplicant x2  
  72  8:10  Ascendant  
  72  8:14  Pylon  
  74  8:21  Chaotic Attunement  
  74  8:23  Supplicant x2  
  74  8:24  Supplicant x2  
  74  8:29  Ascendant  
  74  8:50  Detect Weakness  
  74  8:53  Supplicant x4  
  74  8:54  Ascendant  
  76  9:11  Ascendant  
  76  9:49  Ascendant x2  
  72  9:51  Supplicant x2  
  72  9:52  Supplicant x8  
  72  9:56  Pylon  
  80  10:10  Supplicant x2  
  82  10:14  Havoc  
  83  10:22  Supplicant x4, Mothership  
  83  10:24  Ascendant  
  83  10:26  Supplicant x2  
  93  10:49  Ascendant  
  95  10:51  Supplicant x2  
  95  10:58  Nexus  
  99  11:02  Pylon  
  99  11:05  Pylon  
  93  11:28  Ascendant  
  95  11:31  Ascendant  
  95  11:34  Supplicant x8  
  95  11:37  Ascendant  
  99  11:56  Pylon  
  99  12:02  Supplicant x6  
  99  12:03  Supplicant x2  
  111  12:13  Ascendant  
  103  12:31  Supplicant x2  
  103  12:32  Supplicant x6  
  99  13:15  Supplicant x4  
  99  13:16  Supplicant x6  
  99  13:17  Supplicant x2  
  99  13:19  Ascendant x2  
  109  13:54  Havoc x2  
  109  13:55  Havoc  
  109  13:57  Supplicant x4  
  109  13:58  Supplicant x2  
  124  14:05  Protoss Ground Weapons Level 1 (Chrono Boost)  
  124  14:06  Pylon  
  124  14:15  Havoc  
  113  14:43  Supplicant x2  
  113  14:44  Supplicant x8  
  117  15:00  Supplicant x4  
  117  15:01  Supplicant x2  
  119  15:16  Supplicant x4  
  121  15:30  Mothership, Supplicant x2  
  121  15:31  Supplicant x2  
  121  15:46  Supplicant x4  
  117  16:08  Supplicant x4  
  117  16:09  Supplicant x2  
  113  16:32  Supplicant x6  
  107  17:12  Havoc  
  108  17:39  Supplicant x6  
  120  17:40  Supplicant x2  
  120  17:47  Supplicant x6  
  120  17:48  Supplicant x2  
  126  18:04  Supplicant x6  
  126  18:05  Supplicant x2  
  132  18:27  Pylon  
  132  18:29  Pylon  
  132  18:32  Pylon  
  112  19:07  Supplicant x8  
  112  19:08  Supplicant x4  
  112  19:09  Supplicant x2  
  128  19:42  Supplicant x8  
  128  19:43  Supplicant x2  
  142  19:58  Supplicant x4  
  140  20:19  Supplicant x6  
  134  20:41  Pylon  
  120  20:54  Pylon  
  100  21:20  Supplicant x8  
  100  21:21  Supplicant x4  
  122  21:38  Supplicant x4  
  124  21:46  Pylon  
Tags
 
Add a new tag
Caveats
  • Supply blocks, unpowered buildings, or Contaminate may cause inaccurate times.
  • Supply counts are checked every 10 seconds.